 Dungeon Crawl Stone Soup version 0.29.1-2-gbd0b4ee654 (webtiles) character file.

Game seed: 17546982298027022346

97 mcbry74 the Ruffian (level 4, 0/44 HPs)
             Began as a Troll Berserker on Oct 28, 2022.
             Was a Believer of Trog.
             Hit by a boomerang of dispersal thrown by an orc (2 damage)
             ... on level 3 of the Dungeon.
             The game lasted 00:03:52 (1685 turns).

mcbry74 the Ruffian (Troll Berserker)               Turns: 1685, Time: 00:03:52

Health: 0/44       AC:  4    Str: 25    XL:     4   Next: 42%
Magic:  3/3        EV: 10    Int:  5    God:    Trog [**....]
Gold:   126        SH:  0    Dex:  9    Spells: 3/3 levels left

rFire   . . .      SeeInvis .     - Unarmed
rCold   . . .      Faith    .   (no shield)
rNeg    . . .      Spirit   .   a - +0 animal skin
rPois   .          Reflect  .   (helmet restricted)
rElec   .          Harm     .   (no cloak)
rCorr   .          Rampage  .   (gloves unavailable)
Will    .....                   (boots unavailable)
Stlth   +.........              (no amulet)
HPRegen 0.94/turn               (no ring)
MPRegen 0.08/turn               (no ring)

@: no status effects
A: large, unfitting armour, claws 3, regeneration 1, shaggy fur 1, tough skin 1
a: Renounce Religion, Berserk, Trog's Hand


You were on level 3 of the Dungeon.
You worshipped Trog.
Trog was pleased with you.
You visited 1 branch of the dungeon, and saw 3 of its levels.

You collected 126 gold pieces.

Inventory:

Missiles
 i - 10 poisoned darts (quivered)
Armour
 a - a +0 animal skin (worn)
Scrolls
 c - a scroll of noise {unknown}
 e - a scroll of butterflies {unknown}
 f - a scroll of teleportation
 h - a scroll of vulnerability {unknown}
 l - a scroll of brand weapon {unknown}
 m - a scroll of amnesia {unknown}
 n - a scroll of identify {unknown}
Potions
 b - a potion of flight {unknown}
 d - a potion of berserk rage {unknown}
 g - a potion of attraction {unknown}
 j - 2 potions of resistance {unknown}
 k - a potion of might {unknown}
 o - a potion of heal wounds {unknown}


   Skills:
 + Level 2.9 Fighting
 + Level 1.0 Throwing
 + Level 2.9 Dodging
 * Level 4.1 Unarmed Combat


You had 3 spell levels left.
You didn't know any spells.
Your spell library was empty.

Dungeon Overview and Level Annotations

Branches:
Dungeon (3/15)

Altars:
Xom


Innate Abilities, Weirdness & Mutations

You are too large for most types of armour.
You have claws for hands.
Your natural rate of healing is unusually fast.
You are covered in fur. (AC +1)
You have tough skin. (AC +1)


Message History

You feel sick. The orc barely misses you.
Things that are here:
a +0 dagger; an adder corpse An orc comes into view.
It is wielding a +0 short sword and quivering boomerangs of dispersal.
You feel sick.
You are no longer poisoned.
The orc shouts!
You hear a shout!
The orc hits you with a +2 trident of protection!
You barely miss the orc. The orc closely misses you.
You barely miss the orc.
An orc comes into view. It is wielding a +0 whip.
The orc hits you with a +2 trident of protection.
You closely miss the orc.
The orc hits you from afar with a +0 trident.
The orc hits you with a +2 trident of protection!
You scratch the orc but do no damage.
The orc hits you from afar with a +0 trident.
The orc barely misses you.
You scratch the orc.
The orc is lightly wounded.
The orc hits you with a +2 trident of protection.
* * * LOW HITPOINT WARNING * * *
The orc closely misses you.
You claw the orc!
You kill the orc!
Trog accepts your kill.
The orc hits you from afar with a +0 trident.
* * * LOW HITPOINT WARNING * * *
Things that are here:
a +0 club; a goblin corpse The orc hits you from afar with a +0 trident.
* * * LOW HITPOINT WARNING * * *
The orc hits you with a +0 trident.
* * * LOW HITPOINT WARNING * * *
Things that are here:
a +0 club; a goblin corpse The orc closely misses you.
The orc throws a boomerang of dispersal.
The boomerang of dispersal hits you.
You die...

#.. .. #.# .# # ###
#.# o# #. ..# #.# #.#
#. ..# ##.##
.o#.###### ..# ##...##
.........
..######.....#
#.#......
..##.........#####o).#
..##.###........@)o#.#
..##.# #....######## #
..##.# #.#### ..##.#
#.# #.##.# #.# #.##.#
#.# #.##.# #.#
#....###.#.#
#..........#


You could see 2 orcs.

Vanquished Creatures
  3 adders
  3 dart slugs
  An orc (D:3)
  4 ball pythons
  6 endoplasms (D:1)
  4 giant cockroaches
  6 goblins
  6 hobgoblins
  2 kobolds
  4 quokkas
  8 bats
  3 frilled lizards
  6 rats
56 creatures vanquished.

Notes
Turn   | Place    | Note
-------+----------+-------------------------------------------
     0 | D:1      | mcbry74 the Troll Berserker began the quest for the Orb.
     0 | D:1      | Reached XP level 1. HP: 22/22 MP: 0/0
   266 | D:1      | Reached XP level 2. HP: 29/29 MP: 1/1
   920 | D:2      | Reached ** piety under Trog
   921 | D:2      | Reached XP level 3. HP: 36/36 MP: 2/2
   923 | D:2      | Found a shimmering altar of Xom.
  1485 | D:2      | Reached XP level 4. HP: 44/44 MP: 3/3
  1542 | D:3      | Reached skill level 4 in Unarmed Combat
  1672 | D:3      | Reached skill level 1 in Throwing
  1684 | D:3      | HP: 1/44 [orc/+0 trident (6)]
  1685 | D:3      | Hit by a boomerang of dispersal thrown by an orc

Illustrated notes

Levels and vault maps discovered:
D:1:      minmay_arrival_split_and_join, layout_basic, hangedman_decor_points
D:2:      layout_loops_cross, basic_altar
D:3:      layout_loops_ring, portal_sewer_entry_b, minmay_unequal

Skill      XL: |  1  2  3  4 |
---------------+-------------+-----
Unarmed Combat | 4 |  4.1
Throwing       | 1 |  1.0
Fighting       | |  2.9
Dodging        | |  2.9

Action                   |  1- 3 |  4- 6 || total
-------------------------+-------+-------++-------
Melee: Unarmed           |   113 |    31 ||   144
       Punch             |     4 |       ||     4
  Use: Scroll            |       |     1 ||     1
Armor: Animal skin       |    35 |    10 ||    45
Dodge: Dodged            |    55 |    25 ||    80
